Jets vs Predators

Created - May 8, 2017 at 19:16

Goals
1 2 3 OT1 SO T
Jets 2 1 0 0 0 3
Predators 1 0 2 0 1 4
Shots
1 2 3 OT1 SO T
Jets 17 2 6 2 8 27
Predators 12 2 11 3 8 28

1st period

1. Jets , T.J. Oshie 11 (Derek Roy 57) at 3:10 (PP)
2. Predators , Niclas Bergfors 32 (Alexander Ovechkin 45, Ryan Kesler 53) at 4:25 (PP)
3. Jets , Anton Volchenkov 8 (Lee Stempniak 13) at 15:53 (PP)

Penalties :
Barret Jackman (Nas) for Holding (Minor) at 2:58, Michael Rupp (Win) for Holding (Minor) at 4:14, Barret Jackman (Nas) for Hooking (Minor) at 14:24, Dmitri Kalinin (Nas) for Hooking (Minor) at 17:16

2nd period

4. Jets , Lee Stempniak 10 (Benoit Pouliot 35, Derek Roy 58) at 7:40

Penalties :
Ryan Kesler (Nas) for Holding (Minor) at 7:43, Anton Volchenkov (Win) for Goalie Interference (Minor) at 9:58, Barret Jackman (Nas) for Holding (Minor) at 15:37

3rd period

5. Predators , Andy Miele 12 (Adam Burish 24, Brett Clark 13) at 4:57
6. Predators , Alexander Ovechkin 42 (Niclas Bergfors 36, Ryan Kesler 54) at 6:01

Penalties :
Anton Volchenkov (Win) for Hooking (Minor) at 6:04, Byron Bitz (Nas) for Hooking (Minor) at 12:57, Mikko Koivu (Win) for Slashing (Double Minor) at 15:37

Overtime #1

No Goal

Penalties :
No Penalty

Shootout

Penalty Shot by Lee Stempniak for Jets - Stopped by Viktor Fasth
Penalty Shot by Alexander Ovechkin for Predators - Stopped by Kari Lehtonen
Penalty Shot by Benoit Pouliot for Jets - Stopped by Viktor Fasth
Penalty Shot by Ryan Kesler for Predators - Stopped by Kari Lehtonen
Penalty Shot by Derek Roy for Jets - Stopped by Viktor Fasth
Penalty Shot by Byron Bitz for Predators - Stopped by Kari Lehtonen
Penalty Shot by Mikko Koivu for Jets - Shot Misses the Net
Penalty Shot by Niclas Bergfors for Predators - Stopped by Kari Lehtonen
Penalty Shot by James Wright for Jets - Stopped by Viktor Fasth
Penalty Shot by Alexander Steen for Predators - Stopped by Kari Lehtonen
Penalty Shot by Anton Volchenkov for Jets - Stopped by Viktor Fasth
Penalty Shot by Andy Miele for Predators - Stopped by Kari Lehtonen
Penalty Shot by Fredrik Sjostrom for Jets - Shot Misses the Net
Penalty Shot by David Jones for Predators - Stopped by Kari Lehtonen
Penalty Shot by T.J. Oshie for Jets - Stopped by Viktor Fasth
Penalty Shot by James Van Riemsdyk for Predators - Goal!

Penalties :
No Penalty

Goalie Stats

Kari Lehtonen (Win), 25 saves from 28 shots - (0.893), OTL, 17-22-4, 65:00 minutes
Viktor Fasth (Nas), 24 saves from 27 shots - (0.889), W, 27-14-3, 65:00 minutes

Players Stats for Jets

Player Name              G  A  P  +/- PIM S  H  SB GA TA FO     MP     PP MP  PK MP  
------------------------------------------------------------------------------------
Anton Volchenkov         1  0  1   1  4   4  2  2  1  1  0/0    28:07   5:31   2:00 
Benoit Pouliot           0  1  1   0  0   1  1  1  2  0  1/1    24:58   5:22   3:05 
Derek Roy                0  2  2   0  0   4  1  0  2  0  22/34  25:11   5:22   3:20 
Derek Stepan             0  0  0   0  0   1  2  0  1  0  4/8    13:56   4:12   0:48 
Eric Fehr                0  0  0  -1  0   1  0  0  0  0  0/0     8:35   0:09   0:01 
Eric Gelinas             0  0  0  -1  0   0  0  0  0  0  0/0    12:48   0:00   2:44 
Fredrik Sjostrom         0  0  0   0  0   2  1  0  0  0  0/0    12:01   0:10   1:23 
James Wright             0  0  0  -1  0   2  3  0  0  0  1/10   16:42   4:05   3:47 
Jimmy Hayes              0  0  0   0  0   1  1  0  0  0  0/0     8:51   0:00   0:00 
Lee Stempniak            1  1  2   0  0   4  2  0  1  1  0/0    18:16   4:12   0:00 
Marcel Hossa             0  0  0  -1  0   0  0  0  0  0  0/0     7:45   0:00   0:00 
Marco Scandella          0  0  0  -1  0   0  1  1  0  3  0/0    19:29   4:06   1:28 
Michael Rupp             0  0  0   0  2   2  1  0  0  0  0/1    15:05   0:00   3:29 
Michal Rozsival          0  0  0  -1  0   0  1  0  1  0  0/0    17:00   0:00   3:57 
Mikko Koivu              0  0  0   0  4   0  3  1  0  0  6/14   13:40   0:03   0:24 
T.J. Oshie               1  0  1   0  0   2  0  0  1  0  0/1    16:50   5:16   0:00 
Travis Hamonic           0  0  0   1  0   1  2  2  0  1  0/0    25:35   5:31   1:45 
Tyler Myers              0  0  0  -1  0   2  5  2  0  1  0/0    26:59   4:06   4:21 

Players Stats for Predators

Player Name              G  A  P  +/- PIM S  H  SB GA TA FO     MP     PP MP  PK MP  
------------------------------------------------------------------------------------
Adam Burish              0  1  1   1  0   6  1  0  0  0  4/4    15:27   0:47   3:50 
Alexander Edler          0  0  0   0  0   2  2  0  0  0  0/0    29:51   4:30   6:08 
Alexander Ovechkin       1  1  2   0  0   4  2  0  1  2  3/7    24:54   4:10   2:34 
Alexander Steen          0  0  0   0  0   1  0  0  0  0  0/0    14:44   3:29   0:08 
Andrej Meszaros          0  0  0   0  0   0  0  0  0  0  0/0     7:19   3:29   0:00 
Andy Miele               1  0  1   1  0   3  2  0  0  0  4/8    12:18   0:00   1:48 
Barret Jackman           0  0  0   0  6   0  0  0  0  1  0/0    11:03   0:09   0:00 
Brett Clark              0  1  1   1  0   2  0  1  0  0  0/0    17:08   0:00   3:29 
Byron Bitz               0  0  0   0  2   1  2  1  1  0  0/1    19:48   3:29   4:19 
David Jones              0  0  0   0  0   0  0  0  0  0  0/0     6:46   0:03   0:00 
Dmitri Kalinin           0  0  0   1  2   1  0  2  1  0  0/0    19:31   3:29   0:00 
James Van Riemsdyk       0  0  0   0  0   0  0  0  2  1  0/0    13:47   0:16   0:00 
John Moore               0  0  0   0  0   0  0  0  0  1  0/0    15:50   0:09   3:29 
Kris Vernarsky           0  0  0   1  0   0  2  0  0  0  0/1     9:08   0:32   0:11 
Mikael Granlund          0  0  0   0  0   0  0  0  0  0  8/14   16:53   3:29   2:04 
Niclas Bergfors          1  1  2   0  0   3  3  0  1  0  2/2    19:44   4:05   0:00 
Ryan Kesler              0  2  2   0  2   1  0  1  0  2  14/32  26:15   4:04   4:20 
Ryan Mcdonagh            0  0  0   0  0   4  3  3  1  2  0/0    29:51   4:30   6:08 

3 Stars

1 - Niclas Bergfors (Nas)
2 - Alexander Ovechkin (Nas)
3 - Lee Stempniak (Win)

Power Play

Jets - 2 on 6 Attempt(s) - 33.33%
Predators - 1 on 5 Attempt(s) - 20.00%

Penalty Kill

Jets - 4 on 5 Attempt(s) - 80.00% - Score 0 goal in Penalty Kill
Predators - 4 on 6 Attempt(s) - 66.67% - Score 0 goal in Penalty Kill

Team Stat

Jets - Hits : 26 - Faceoff Wins : 34 - Blocked Shots : 9 - Penalty Minutes : 10
Predators - Hits : 17 - Faceoff Wins : 35 - Blocked Shots : 8 - Penalty Minutes : 12

Official

Referees : Jackson Dave and Ciamaga Chris
Linesman : Darren Gibbs and Brad Lazarowich

Game Notes

No Game Note

Finance

Level 1 -- Attendance: 5252 (87.53%) -- Ticket Income $446,420
Level 2 -- Attendance: 4248 (84.96%) -- Ticket Income $212,400
Level 3 -- Attendance: 1858 (92.90%) -- Ticket Income $55,740
Level 4 -- Attendance: 2802 (70.05%) -- Ticket Income $67,248
Luxury Box -- Attendance: 634 (63.40%) -- Ticket Income $110,950
Game was played at the Wildcat center.
Total Attendance: 14794 (82.19%)
Total Ticket Income: $892,758
Other Income: $133,914
Total Income: $1,026,672

Jets

5 vs 5 Forward 
   Center                   Left Wing                Right Wing               Time % Phy DF OF 
 1 Derek Roy                Benoit Pouliot           Lee Stempniak            35     1   2  2  
 2 Mikko Koivu              Michael Rupp             T.J. Oshie               30     1   2  2  
 3 Derek Stepan             Fredrik Sjostrom         Jimmy Hayes              20     1   2  2  
 4 James Wright             Marcel Hossa             Eric Fehr                15     1   2  2  

5 vs 5 Defense 
   Defense                  Defense                                           Time % Phy DF OF 
 1 Travis Hamonic           Anton Volchenkov                                  40     1   3  1  
 2 Michal Rozsival          Tyler Myers                                       30     1   3  1  
 3 Eric Gelinas             Marco Scandella                                   20     1   2  2  
 4 Marco Scandella          Tyler Myers                                       10     1   2  2  

PowerPlay Forward 
   Center                   Left Wing                Right Wing               Time % Phy DF OF 
 1 Derek Roy                Benoit Pouliot           T.J. Oshie               60     1   0  4  
 2 Derek Stepan             James Wright             Lee Stempniak            40     0   0  5  

PowerPlay Defense
   Defense                  Defense                                           Time % Phy DF OF 
 1 Anton Volchenkov         Travis Hamonic                                    60     0   1  4  
 2 Tyler Myers              Marco Scandella                                   40     0   1  4  

Penalty Kill 4 Players Forward 
   Center                   Wing                     Time % Phy DF OF 
 1 James Wright             Michael Rupp             60     0   4  1  
 2 Derek Roy                Benoit Pouliot           40     0   4  1  

Penalty Kill 4 Players Defense
   Defense                  Defense                  Time % Phy DF OF 
 1 Anton Volchenkov         Tyler Myers              60     1   2  2  
 2 Michal Rozsival          Marco Scandella          40     1   2  2  

Penalty Kill - 3 Players Forward 
   Forward                                           Time % Phy DF OF 
 1 Derek Roy                                         60     0   5  0  
 2 James Wright                                      40     0   5  0  

Penalty Kill - 3 Players Defense
   Defense                  Defense                  Time % Phy DF OF 
 1 Anton Volchenkov         Tyler Myers              60     0   5  0  
 2 Marco Scandella          Michal Rozsival          40     0   5  0  

4 vs 4 Forward 
   Center                   Wing                     Time % Phy DF OF 
 1 Derek Roy                Benoit Pouliot           60     1   2  2  
 2 Mikko Koivu              Lee Stempniak            40     1   2  2  

4 vs 4 Defense
   Defense                  Defense                  Time % Phy DF OF 
 1 Anton Volchenkov         Tyler Myers              60     1   2  2  
 2 Travis Hamonic           Marco Scandella          40     1   2  2  

Last Minutes Offensive
   Center                   Left Wing                Right Wing               Defense                  Defense                  
   Derek Roy                Benoit Pouliot           T.J. Oshie               Travis Hamonic           Anton Volchenkov         

Last Minutes Defensive
   Center                   Left Wing                Right Wing               Defense                  Defense                  
   Derek Roy                Fredrik Sjostrom         Michael Rupp             Travis Hamonic           Anton Volchenkov         

Goaltenders
Starting : Kari Lehtonen            
Backup : Jacob Markstrom          

Extra Forwards
Normal : James Wright, Benoit Pouliot, Derek Roy - PP : Derek Roy, Benoit Pouliot - PK : Derek Roy
Extra Defensemen
Normal : Anton Volchenkov, Michal Rozsival, Tyler Myers - PP : Marco Scandella - PK : Michal Rozsival, Anton Volchenkov
Penalty Shots
Lee Stempniak, Benoit Pouliot, Derek Roy, Mikko Koivu, James Wright

Scratches
Dustin Brown (Left Ankle Injury), Greg Zanon (Healthy), Kevin Klein (Healthy)

Predators

5 vs 5 Forward 
   Center                   Left Wing                Right Wing               Time % Phy DF OF 
 1 Ryan Kesler              Alexander Ovechkin       Niclas Bergfors          40     1   1  2  
 2 Mikael Granlund          Alexander Steen          Byron Bitz               30     1   2  2  
 3 Andy Miele               James Van Riemsdyk       Adam Burish              20     1   2  2  
 4 Kris Vernarsky           James Van Riemsdyk       David Jones              10     1   2  2  

5 vs 5 Defense 
   Defense                  Defense                                           Time % Phy DF OF 
 1 Alexander Edler          Ryan Mcdonagh                                     40     1   2  2  
 2 Dmitri Kalinin           Brett Clark                                       30     1   2  2  
 3 Barret Jackman           John Moore                                        20     1   2  2  
 4 Andrej Meszaros          John Moore                                        10     1   2  2  

PowerPlay Forward 
   Center                   Left Wing                Right Wing               Time % Phy DF OF 
 1 Ryan Kesler              Alexander Ovechkin       Niclas Bergfors          60     1   0  4  
 2 Mikael Granlund          Alexander Steen          Byron Bitz               40     1   0  4  

PowerPlay Defense
   Defense                  Defense                                           Time % Phy DF OF 
 1 Ryan Mcdonagh            Alexander Edler                                   60     1   1  3  
 2 Andrej Meszaros          Dmitri Kalinin                                    40     1   1  3  

Penalty Kill 4 Players Forward 
   Center                   Wing                     Time % Phy DF OF 
 1 Ryan Kesler              Byron Bitz               60     1   2  1  
 2 Andy Miele               Adam Burish              40     1   2  2  

Penalty Kill 4 Players Defense
   Defense                  Defense                  Time % Phy DF OF 
 1 Alexander Edler          Ryan Mcdonagh            60     1   3  1  
 2 John Moore               Brett Clark              40     1   3  1  

Penalty Kill - 3 Players Forward 
   Forward                                           Time % Phy DF OF 
 1 Byron Bitz                                        60     1   3  1  
 2 Adam Burish                                       40     1   3  1  

Penalty Kill - 3 Players Defense
   Defense                  Defense                  Time % Phy DF OF 
 1 John Moore               Ryan Mcdonagh            60     1   4  0  
 2 Alexander Edler          Brett Clark              40     1   4  0  

4 vs 4 Forward 
   Center                   Wing                     Time % Phy DF OF 
 1 Alexander Ovechkin       Ryan Kesler              60     1   2  2  
 2 Byron Bitz               Niclas Bergfors          40     1   2  2  

4 vs 4 Defense
   Defense                  Defense                  Time % Phy DF OF 
 1 Ryan Mcdonagh            Alexander Edler          60     1   2  2  
 2 Dmitri Kalinin           Barret Jackman           40     1   2  2  

Last Minutes Offensive
   Center                   Left Wing                Right Wing               Defense                  Defense                  
   Ryan Kesler              Alexander Ovechkin       Niclas Bergfors          Ryan Mcdonagh            Alexander Edler          

Last Minutes Defensive
   Center                   Left Wing                Right Wing               Defense                  Defense                  
   Ryan Kesler              Alexander Ovechkin       Byron Bitz               John Moore               Ryan Mcdonagh            

Goaltenders
Starting : Viktor Fasth             
Backup : Chad Johnson             

Extra Forwards
Normal : Adam Burish, Andy Miele, Kris Vernarsky - PP : Adam Burish, Kris Vernarsky - PK : Adam Burish
Extra Defensemen
Normal : John Moore, Dmitri Kalinin, Andrej Meszaros - PP : John Moore - PK : Dmitri Kalinin, Brett Clark
Penalty Shots
Alexander Ovechkin, Ryan Kesler, Byron Bitz, Niclas Bergfors, Alexander Steen

Scratches
Frans Nielsen (Concussion Injury)

% Time on Ice - Jets

Lines # - Real PCT - Wanted PCT - Time Play
Normal Forward
1 - 33% - 35% - 13:57
2 - 28% - 30% - 11:42
3 - 21% - 20% - 8:51
4 - 18% - 15% - 7:45
Normal Defense
1 - 40% - 40% - 16:58
2 - 30% - 30% - 12:44
3 - 24% - 20% - 10:01
4 - 6% - 10% - 2:32
PP Forward
1 - 56% - 60% - 5:25
2 - 44% - 40% - 4:12
PP Defense
1 - 57% - 60% - 5:31
2 - 43% - 40% - 4:06
PK Forward
1 - 86% - 60% - 7:00
2 - 14% - 40% - 1:08
PK Defense
1 - 85% - 60% - 6:55
2 - 15% - 40% - 1:13
PK3 Forward
1 - 0% - 60%
2 - 0% - 40%
PK3 Defense
1 - 0% - 60%
2 - 0% - 40%
44 Forward
1 - 84% - 60% - 4:11
2 - 16% - 40% - 0:49
44 Defense
1 - 70% - 60% - 3:29
2 - 30% - 40% - 1:31
Last Minute Offensive  - 0:00
Last Minute Defensive  - 0:00
Total
Forward - 65:00
Defense - 65:00

% Time on Ice - Predators

Lines # - Real PCT - Wanted PCT - Time Play
Normal Forward
1 - 36% - 40% - 15:22
2 - 27% - 30% - 11:31
3 - 21% - 20% - 8:53
4 - 15% - 10% - 6:29
Normal Defense
1 - 38% - 40% - 16:15
2 - 34% - 30% - 14:19
3 - 19% - 20% - 8:08
4 - 8% - 10% - 3:33
PP Forward
1 - 57% - 60% - 4:39
2 - 43% - 40% - 3:29
PP Defense
1 - 55% - 60% - 4:30
2 - 45% - 40% - 3:38
PK Forward
1 - 81% - 60% - 7:49
2 - 19% - 40% - 1:48
PK Defense
1 - 64% - 60% - 6:08
2 - 36% - 40% - 3:29
PK3 Forward
1 - 0% - 60%
2 - 0% - 40%
PK3 Defense
1 - 0% - 60%
2 - 0% - 40%
44 Forward
1 - 82% - 60% - 4:07
2 - 18% - 40% - 0:53
44 Defense
1 - 59% - 60% - 2:58
2 - 41% - 40% - 2:02
Last Minute Offensive  - 0:00
Last Minute Defensive  - 0:00
Total
Forward - 65:00
Defense - 65:00

Play by Play

1st period


0:01 of 1st period - Ryan Kesler wins face-off versus Derek Roy in neutral zone.
0:26 of 1st period - Alexander Edler is hit by Michael Rupp and loses puck.
2:28 of 1st period - Slapshot by James Van Riemsdyk.
2:28 of 1st period - Shot Misses the Net.
2:30 of 1st period - Snap shot by Alexander Ovechkin.
2:30 of 1st period - Stopped by Kari Lehtonen with a rebound.
2:32 of 1st period - Snap shot by Dmitri Kalinin.
2:32 of 1st period - Shot Misses the Net.
2:34 of 1st period - Slapshot by Brett Clark.
2:34 of 1st period - Stopped by Kari Lehtonen with a rebound.
2:48 of 1st period - Snap shot by James Wright.
2:48 of 1st period - Stopped by Viktor Fasth with a rebound.
2:50 of 1st period - Slapshot by Anton Volchenkov.
2:50 of 1st period - Shot Misses the Net.
2:52 of 1st period - Slapshot by Travis Hamonic.
2:52 of 1st period - Stopped by Viktor Fasth without a rebound.
2:53 of 1st period - Derek Roy wins face-off versus Mikael Granlund in Predators zone.
2:56 of 1st period - Wrist shot by Derek Roy.
2:56 of 1st period - Stopped by Viktor Fasth with a rebound.
2:58 of 1st period - Minor Penalty to Barret Jackman for Holding.
2:59 of 1st period - Ryan Kesler wins face-off versus T.J. Oshie in Predators zone.
3:08 of 1st period - Wrist shot by Anton Volchenkov.
3:08 of 1st period - Stopped by Viktor Fasth without a rebound.
3:09 of 1st period - Derek Roy wins face-off versus Ryan Kesler in Predators zone.
3:10 of 1st period - Slapshot by T.J. Oshie.
3:10 of 1st period - Goal by T.J. Oshie - Jets : 1 - Predators : 0.
3:11 of 1st period - Ryan Kesler wins face-off versus Mikko Koivu in neutral zone.
3:36 of 1st period - Alexander Ovechkin is hit by Derek Stepan and loses puck.
4:07 of 1st period - Snap shot by Alexander Steen.
4:07 of 1st period - Deflect By Byron Bitz.
4:07 of 1st period - Shot Misses the Net.
4:07 of 1st period - Puck is out of play.
4:08 of 1st period - Andy Miele wins face-off versus Mikko Koivu in Jets zone.
4:14 of 1st period - Minor Penalty to Michael Rupp for Holding.
4:15 of 1st period - Ryan Kesler wins face-off versus James Wright in Jets zone.
4:25 of 1st period - Slapshot by Niclas Bergfors.
4:25 of 1st period - Goal by Niclas Bergfors - Jets : 1 - Predators : 1.
4:26 of 1st period - Mikael Granlund wins face-off versus Derek Roy in neutral zone.
4:33 of 1st period - Snap shot by Alexander Steen.
4:33 of 1st period - Stopped by Kari Lehtonen without a rebound.
4:34 of 1st period - Mikael Granlund wins face-off versus Derek Roy in Jets zone.
4:35 of 1st period - Wrist shot by Byron Bitz.
4:35 of 1st period - Shot Misses the Net.
4:43 of 1st period - Snap shot by Lee Stempniak.
4:43 of 1st period - Stopped by Viktor Fasth without a rebound.
4:44 of 1st period - Andy Miele wins face-off versus Mikko Koivu in Predators zone.
5:31 of 1st period - Slapshot by Jimmy Hayes.
5:31 of 1st period - Stopped by Viktor Fasth without a rebound.
5:32 of 1st period - Mikael Granlund wins face-off versus Derek Stepan in Predators zone.
6:40 of 1st period - James Van Riemsdyk is hit by Anton Volchenkov and loses puck.
6:59 of 1st period - Anton Volchenkov is hit by Byron Bitz and loses puck.
7:30 of 1st period - John Moore is hit by Anton Volchenkov and loses puck.
7:39 of 1st period - Wrist shot by Derek Roy.
7:39 of 1st period - Stopped by Viktor Fasth without a rebound.
7:40 of 1st period - Andy Miele wins face-off versus Mikko Koivu in Predators zone.
7:47 of 1st period - Wrist shot by Adam Burish.
7:47 of 1st period - Shot Misses the Net.
7:49 of 1st period - Snap shot by Adam Burish.
7:49 of 1st period - Stopped by Kari Lehtonen with a rebound.
7:51 of 1st period - Slapshot by Brett Clark.
7:51 of 1st period - Shot Blocked by Mikko Koivu.
7:53 of 1st period - Snap shot by Adam Burish.
7:53 of 1st period - Stopped by Kari Lehtonen without a rebound.
7:54 of 1st period - Ryan Kesler wins face-off versus Mikko Koivu in Jets zone.
8:01 of 1st period - Ryan Mcdonagh is hit by Mikko Koivu and loses puck.
8:30 of 1st period - Wrist shot by Eric Fehr.
8:30 of 1st period - Stopped by Viktor Fasth with a rebound.
8:32 of 1st period - Snap shot by James Wright.
8:32 of 1st period - Stopped by Viktor Fasth without a rebound.
8:33 of 1st period - Derek Roy wins face-off versus Ryan Kesler in Predators zone.
9:03 of 1st period - Snap shot by Derek Roy.
9:03 of 1st period - Stopped by Viktor Fasth with a rebound.
9:15 of 1st period - Snap shot by Alexander Ovechkin.
9:15 of 1st period - Stopped by Kari Lehtonen with a rebound.
9:23 of 1st period - Snap shot by Niclas Bergfors.
9:23 of 1st period - Shot Misses the Net.
9:31 of 1st period - Snap shot by Alexander Ovechkin.
9:31 of 1st period - Deflect By Ryan Kesler.
9:31 of 1st period - Shot Misses the Net.
9:31 of 1st period - Puck is out of play.
9:32 of 1st period - Mikko Koivu wins face-off versus Mikael Granlund in Jets zone.
9:43 of 1st period - Wrist shot by Michael Rupp.
9:43 of 1st period - Stopped by Viktor Fasth with a rebound.
9:45 of 1st period - Slapshot by Tyler Myers.
9:45 of 1st period - Shot Blocked by Ryan Mcdonagh.
9:47 of 1st period - Slapshot by T.J. Oshie.
9:47 of 1st period - Shot Misses the Net.
10:04 of 1st period - Snap shot by Adam Burish.
10:04 of 1st period - Stopped by Kari Lehtonen with a rebound.
10:18 of 1st period - Andrej Meszaros is hit by James Wright.
10:26 of 1st period - Anton Volchenkov is hit by Kris Vernarsky and loses puck.
12:27 of 1st period - Snap shot by Alexander Ovechkin.
12:27 of 1st period - Stopped by Kari Lehtonen with a rebound.
12:29 of 1st period - Slapshot by Ryan Mcdonagh.
12:29 of 1st period - Deflect By Marco Scandella.
12:29 of 1st period - Stopped by Kari Lehtonen without a rebound.
12:30 of 1st period - Ryan Kesler wins face-off versus Derek Roy in Jets zone.
13:16 of 1st period - Snap shot by Derek Stepan.
13:16 of 1st period - Shot Misses the Net.
13:18 of 1st period - Snap shot by Anton Volchenkov.
13:18 of 1st period - Deflect By Brett Clark.
13:18 of 1st period - Stopped by Viktor Fasth with a rebound.
13:20 of 1st period - Slapshot by Anton Volchenkov.
13:20 of 1st period - Deflect By Derek Stepan.
13:20 of 1st period - Stopped by Viktor Fasth without a rebound.
13:21 of 1st period - Ryan Kesler wins face-off versus Derek Roy in Predators zone.
14:24 of 1st period - Minor Penalty to Barret Jackman for Hooking.
14:25 of 1st period - Derek Roy wins face-off versus Ryan Kesler in Predators zone.
15:32 of 1st period - Ryan Kesler is hit by Benoit Pouliot and loses puck.
15:37 of 1st period - Snap shot by Derek Roy.
15:37 of 1st period - Shot Blocked by Byron Bitz.
15:39 of 1st period - Slapshot by Tyler Myers.
15:39 of 1st period - Stopped by Viktor Fasth without a rebound.
15:40 of 1st period - Andy Miele wins face-off versus Derek Stepan in Predators zone.
15:53 of 1st period - Snap shot by Anton Volchenkov.
15:53 of 1st period - Goal by Anton Volchenkov - Jets : 2 - Predators : 1.
15:54 of 1st period - Niclas Bergfors wins face-off versus Mikko Koivu in neutral zone.
16:07 of 1st period - Snap shot by Alexander Ovechkin.
16:07 of 1st period - Shot Misses the Net.
16:46 of 1st period - Wrist shot by Adam Burish.
16:46 of 1st period - Stopped by Kari Lehtonen without a rebound.
16:47 of 1st period - Mikko Koivu wins face-off versus Ryan Kesler in Jets zone.
16:54 of 1st period - Snap shot by Niclas Bergfors.
16:54 of 1st period - Stopped by Kari Lehtonen without a rebound.
16:55 of 1st period - Mikko Koivu wins face-off versus Ryan Kesler in Jets zone.
17:16 of 1st period - Minor Penalty to Dmitri Kalinin for Hooking.
17:17 of 1st period - Derek Roy wins face-off versus Ryan Kesler in Predators zone.
17:32 of 1st period - Slapshot by Alexander Edler.
17:32 of 1st period - Shot Blocked by Travis Hamonic.
17:56 of 1st period - Snap shot by Lee Stempniak.
17:56 of 1st period - Stopped by Viktor Fasth with a rebound.
18:16 of 1st period - Brett Clark is hit by Tyler Myers and loses puck.
19:16 of 1st period - Penalty to Dmitri Kalinin is over, Dmitri Kalinin is back on ice.
19:22 of 1st period - Wrist shot by Mikael Granlund.
19:22 of 1st period - Shot Blocked by Anton Volchenkov.
Goals for this period are 2 for Jets vs 1 for Predators.
Shots for this period are 17 for Jets vs 12 for Predators.

2nd period


0:01 of 2nd period - Derek Roy wins face-off versus Ryan Kesler in neutral zone.
0:28 of 2nd period - Ryan Mcdonagh is hit by Michal Rozsival and loses puck.
0:35 of 2nd period - Byron Bitz is hit by Tyler Myers and loses puck.
0:45 of 2nd period - Icing by Alexander Edler.
0:46 of 2nd period - Mikko Koivu wins face-off versus Andy Miele in Predators zone.
1:14 of 2nd period - Benoit Pouliot is hit by Alexander Edler and loses puck.
3:23 of 2nd period - Ryan Kesler is hit by Jimmy Hayes and loses puck.
4:10 of 2nd period - Mikael Granlund is hit by Derek Roy and loses puck.
4:41 of 2nd period - Icing by Dmitri Kalinin.
4:42 of 2nd period - Derek Stepan wins face-off versus Andy Miele in Predators zone.
5:49 of 2nd period - Snap shot by Adam Burish.
5:49 of 2nd period - Shot Misses the Net.
5:51 of 2nd period - Slapshot by Brett Clark.
5:51 of 2nd period - Stopped by Kari Lehtonen without a rebound.
5:52 of 2nd period - Derek Stepan wins face-off versus Andy Miele in Jets zone.
6:08 of 2nd period - Off-side.
6:09 of 2nd period - Derek Roy wins face-off versus Mikael Granlund in neutral zone.
6:24 of 2nd period - Slapshot by Dmitri Kalinin.
6:24 of 2nd period - Shot Blocked by Travis Hamonic.
6:37 of 2nd period - Off-side.
6:38 of 2nd period - Ryan Kesler wins face-off versus Mikko Koivu in neutral zone.
7:11 of 2nd period - Icing by Michal Rozsival.
7:12 of 2nd period - Derek Stepan wins face-off versus Mikael Granlund in Jets zone.
7:23 of 2nd period - Wrist shot by Alexander Steen.
7:23 of 2nd period - Shot Blocked by Tyler Myers.
7:25 of 2nd period - Slapshot by Dmitri Kalinin.
7:25 of 2nd period - Stopped by Kari Lehtonen without a rebound.
7:26 of 2nd period - Derek Roy wins face-off versus Ryan Kesler in Jets zone.
7:26 of 2nd period - Derek Roy is hit by Niclas Bergfors.
7:29 of 2nd period - Lee Stempniak is hit by Niclas Bergfors and loses puck.
7:38 of 2nd period - Snap shot by Lee Stempniak.
7:38 of 2nd period - Shot Misses the Net.
7:40 of 2nd period - Snap shot by Lee Stempniak.
7:40 of 2nd period - Goal by Lee Stempniak - Jets : 3 - Predators : 1.
7:41 of 2nd period - Ryan Kesler wins face-off versus Derek Roy in neutral zone.
7:43 of 2nd period - Minor Penalty to Ryan Kesler for Holding.
7:44 of 2nd period - Adam Burish wins face-off versus Derek Roy in Predators zone.
9:16 of 2nd period - Icing by Marco Scandella.
9:17 of 2nd period - Adam Burish wins face-off versus Derek Stepan in Jets zone.
9:43 of 2nd period - Penalty to Ryan Kesler is over, Ryan Kesler is back on ice.
9:58 of 2nd period - Minor Penalty to Anton Volchenkov for Goalie Interference.
9:59 of 2nd period - Ryan Kesler wins face-off versus James Wright in Jets zone.
11:58 of 2nd period - Penalty to Anton Volchenkov is over, Anton Volchenkov is back on ice.
12:10 of 2nd period - Ryan Mcdonagh is hit by Fredrik Sjostrom and loses puck.
12:57 of 2nd period - Marcel Hossa is hit by Andy Miele and loses puck.
13:57 of 2nd period - Byron Bitz is hit by Tyler Myers and loses puck.
14:52 of 2nd period - Icing by Eric Fehr.
14:53 of 2nd period - Mikael Granlund wins face-off versus James Wright in Jets zone.
15:04 of 2nd period - Slapshot by Marco Scandella.
15:04 of 2nd period - Shot Misses the Net.
15:37 of 2nd period - Minor Penalty to Barret Jackman for Holding.
15:38 of 2nd period - Derek Roy wins face-off versus Ryan Kesler in Predators zone.
15:38 of 2nd period - Snap shot by Benoit Pouliot.
15:38 of 2nd period - Shot Misses the Net.
15:40 of 2nd period - Wrist shot by Benoit Pouliot.
15:40 of 2nd period - Shot Misses the Net.
15:50 of 2nd period - Snap shot by Benoit Pouliot.
15:50 of 2nd period - Deflect By Derek Roy.
15:50 of 2nd period - Stopped by Viktor Fasth with a rebound.
15:52 of 2nd period - Slapshot by T.J. Oshie.
15:52 of 2nd period - Shot Blocked by Ryan Kesler.
15:54 of 2nd period - Wrist shot by Benoit Pouliot.
15:54 of 2nd period - Shot Misses the Net.
17:37 of 2nd period - Penalty to Barret Jackman is over, Barret Jackman is back on ice.
18:20 of 2nd period - Derek Stepan is hit by Alexander Ovechkin and loses puck.
18:30 of 2nd period - Icing by John Moore.
18:31 of 2nd period - Mikael Granlund wins face-off versus James Wright in Predators zone.
19:10 of 2nd period - Slapshot by Brett Clark.
19:10 of 2nd period - Shot Misses the Net.
19:44 of 2nd period - Andy Miele is hit by Tyler Myers and loses puck.
19:58 of 2nd period - Icing by Tyler Myers.
19:59 of 2nd period - Derek Roy wins face-off versus Alexander Ovechkin in Jets zone.
Goals for this period are 1 for Jets vs 0 for Predators.
Shots for this period are 2 for Jets vs 2 for Predators.

3rd period


0:01 of 3rd period - Derek Roy wins face-off versus Ryan Kesler in neutral zone.
0:26 of 3rd period - Michael Rupp is hit by Byron Bitz and loses puck.
0:53 of 3rd period - Brett Clark is hit by Tyler Myers and loses puck.
1:30 of 3rd period - Alexander Steen is hit by Mikko Koivu and loses puck.
2:17 of 3rd period - James Van Riemsdyk is hit by Travis Hamonic and loses puck.
2:44 of 3rd period - Anton Volchenkov is hit by Alexander Edler and loses puck.
3:09 of 3rd period - Travis Hamonic is hit by Ryan Mcdonagh and loses puck.
3:43 of 3rd period - Snap shot by Andy Miele.
3:43 of 3rd period - Stopped by Kari Lehtonen with a rebound.
3:45 of 3rd period - Snap shot by Adam Burish.
3:45 of 3rd period - Stopped by Kari Lehtonen with a rebound.
3:47 of 3rd period - Snap shot by Adam Burish.
3:47 of 3rd period - Stopped by Kari Lehtonen without a rebound.
3:48 of 3rd period - Derek Roy wins face-off versus Andy Miele in Jets zone.
4:05 of 3rd period - Wrist shot by Benoit Pouliot.
4:05 of 3rd period - Shot Misses the Net.
4:18 of 3rd period - Brett Clark is hit by Lee Stempniak and loses puck.
4:43 of 3rd period - Wrist shot by Derek Roy.
4:43 of 3rd period - Shot Blocked by Dmitri Kalinin.
4:53 of 3rd period - Wrist shot by Adam Burish.
4:53 of 3rd period - Shot Misses the Net.
4:55 of 3rd period - Snap shot by Andy Miele.
4:55 of 3rd period - Stopped by Kari Lehtonen with a rebound.
4:57 of 3rd period - Snap shot by Andy Miele.
4:57 of 3rd period - Goal by Andy Miele - Jets : 3 - Predators : 2.
4:58 of 3rd period - Mikko Koivu wins face-off versus Ryan Kesler in neutral zone.
5:03 of 3rd period - Ryan Kesler is hit by Travis Hamonic and loses puck.
5:27 of 3rd period - Byron Bitz is hit by Derek Stepan and loses puck.
5:35 of 3rd period - Off-side.
5:36 of 3rd period - Niclas Bergfors wins face-off versus James Wright in neutral zone.
5:45 of 3rd period - Snap shot by Niclas Bergfors.
5:45 of 3rd period - Stopped by Kari Lehtonen without a rebound.
5:46 of 3rd period - Ryan Kesler wins face-off versus James Wright in Jets zone.
6:01 of 3rd period - Wrist shot by Alexander Ovechkin.
6:01 of 3rd period - Goal by Alexander Ovechkin - Jets : 3 - Predators : 3.
6:02 of 3rd period - Derek Roy wins face-off versus Ryan Kesler in neutral zone.
6:04 of 3rd period - Minor Penalty to Anton Volchenkov for Hooking.
6:05 of 3rd period - James Wright wins face-off versus Ryan Kesler in Jets zone.
8:04 of 3rd period - Penalty to Anton Volchenkov is over, Anton Volchenkov is back on ice.
8:19 of 3rd period - Jimmy Hayes is hit by Andy Miele and loses puck.
9:06 of 3rd period - T.J. Oshie is hit by Ryan Mcdonagh and loses puck.
9:18 of 3rd period - Off-side.
9:19 of 3rd period - Mikael Granlund wins face-off versus James Wright in neutral zone.
9:36 of 3rd period - Snap shot by Kris Vernarsky.
9:36 of 3rd period - Shot Blocked by Tyler Myers.
9:38 of 3rd period - Slapshot by Ryan Mcdonagh.
9:38 of 3rd period - Stopped by Kari Lehtonen with a rebound.
10:01 of 3rd period - Slapshot by T.J. Oshie.
10:01 of 3rd period - Stopped by Viktor Fasth without a rebound.
10:02 of 3rd period - Mikko Koivu wins face-off versus Ryan Kesler in Predators zone.
10:03 of 3rd period - Snap shot by T.J. Oshie.
10:03 of 3rd period - Shot Misses the Net.
10:14 of 3rd period - Icing by Anton Volchenkov.
10:15 of 3rd period - Ryan Kesler wins face-off versus Mikko Koivu in Jets zone.
10:20 of 3rd period - Alexander Edler is hit by Mikko Koivu and loses puck.
10:43 of 3rd period - Snap shot by Byron Bitz.
10:43 of 3rd period - Stopped by Kari Lehtonen with a rebound.
11:05 of 3rd period - Snap shot by Derek Stepan.
11:05 of 3rd period - Shot Misses the Net.
11:07 of 3rd period - Wrist shot by Jimmy Hayes.
11:07 of 3rd period - Shot Blocked by Ryan Mcdonagh.
11:16 of 3rd period - Off-side.
11:17 of 3rd period - Derek Roy wins face-off versus Ryan Kesler in neutral zone.
11:22 of 3rd period - Snap shot by Benoit Pouliot.
11:22 of 3rd period - Shot Blocked by Brett Clark.
11:26 of 3rd period - Snap shot by Derek Roy.
11:26 of 3rd period - Deflect By Benoit Pouliot.
11:26 of 3rd period - Stopped by Viktor Fasth without a rebound.
11:27 of 3rd period - Ryan Kesler wins face-off versus Derek Roy in Predators zone.
11:38 of 3rd period - Slapshot by Derek Roy.
11:38 of 3rd period - Shot Blocked by Dmitri Kalinin.
11:40 of 3rd period - Snap shot by Benoit Pouliot.
11:40 of 3rd period - Shot Misses the Net.
11:42 of 3rd period - Slapshot by Benoit Pouliot.
11:42 of 3rd period - Shot Misses the Net.
11:44 of 3rd period - Slapshot by Tyler Myers.
11:44 of 3rd period - Stopped by Viktor Fasth without a rebound.
11:45 of 3rd period - Mikael Granlund wins face-off versus Michael Rupp in Predators zone.
12:12 of 3rd period - Anton Volchenkov is hit by Alexander Ovechkin and loses puck.
12:17 of 3rd period - Wrist shot by Alexander Ovechkin.
12:17 of 3rd period - Shot Blocked by Anton Volchenkov.
12:39 of 3rd period - Slapshot by Fredrik Sjostrom.
12:39 of 3rd period - Stopped by Viktor Fasth without a rebound.
12:40 of 3rd period - Mikael Granlund wins face-off versus Derek Stepan in Predators zone.
12:47 of 3rd period - Wrist shot by Alexander Edler.
12:47 of 3rd period - Stopped by Kari Lehtonen without a rebound.
12:48 of 3rd period - Derek Roy wins face-off versus Mikael Granlund in Jets zone.
12:57 of 3rd period - Minor Penalty to Byron Bitz for Hooking.
12:58 of 3rd period - Derek Roy wins face-off versus Ryan Kesler in Predators zone.
12:58 of 3rd period - Snap shot by Benoit Pouliot.
12:58 of 3rd period - Shot Misses the Net.
13:00 of 3rd period - Slapshot by Anton Volchenkov.
13:00 of 3rd period - Deflect By Ryan Mcdonagh.
13:00 of 3rd period - Stopped by Viktor Fasth without a rebound.
13:01 of 3rd period - Benoit Pouliot wins face-off versus Ryan Kesler in Predators zone.
13:57 of 3rd period - Icing by Derek Roy.
13:58 of 3rd period - Derek Roy wins face-off versus Mikael Granlund in Jets zone.
14:57 of 3rd period - Penalty to Byron Bitz is over, Byron Bitz is back on ice.
15:01 of 3rd period - Icing by Derek Stepan.
15:02 of 3rd period - Derek Stepan wins face-off versus Kris Vernarsky in Jets zone.
15:07 of 3rd period - Snap shot by Michael Rupp.
15:07 of 3rd period - Stopped by Viktor Fasth with a rebound.
15:19 of 3rd period - Michal Rozsival is hit by Kris Vernarsky and loses puck.
15:35 of 3rd period - Snap shot by Dmitri Kalinin.
15:35 of 3rd period - Shot Misses the Net.
15:37 of 3rd period - Double Minor Penalty to Mikko Koivu for Slashing.
15:38 of 3rd period - Ryan Kesler wins face-off versus James Wright in Jets zone.
16:13 of 3rd period - Snap shot by Byron Bitz.
16:13 of 3rd period - Shot Misses the Net.
16:15 of 3rd period - Slapshot by Ryan Mcdonagh.
16:15 of 3rd period - Stopped by Kari Lehtonen without a rebound.
16:16 of 3rd period - Derek Roy wins face-off versus Ryan Kesler in Jets zone.
17:03 of 3rd period - Benoit Pouliot is hit by Niclas Bergfors.
18:39 of 3rd period - Michal Rozsival is hit by Adam Burish and loses puck.
19:37 of 3rd period - Penalty to Mikko Koivu is over, Mikko Koivu is back on ice.
19:39 of 3rd period - Snap shot by Derek Roy.
19:39 of 3rd period - Shot Misses the Net.
Goals for this period are 0 for Jets vs 2 for Predators.
Shots for this period are 6 for Jets vs 11 for Predators.

Overtime #1


0:01 of 1st overtime period - Alexander Ovechkin wins face-off versus Derek Roy in neutral zone.
0:10 of 1st overtime period - Snap shot by Alexander Edler.
0:10 of 1st overtime period - Shot Misses the Net.
0:23 of 1st overtime period - Icing by Alexander Edler.
0:24 of 1st overtime period - Derek Roy wins face-off versus Alexander Ovechkin in Predators zone.
0:25 of 1st overtime period - Wrist shot by Benoit Pouliot.
0:25 of 1st overtime period - Shot Blocked by Ryan Mcdonagh.
0:27 of 1st overtime period - Slapshot by Anton Volchenkov.
0:27 of 1st overtime period - Shot Misses the Net.
0:55 of 1st overtime period - Wrist shot by Fredrik Sjostrom.
0:55 of 1st overtime period - Shot Misses the Net.
0:57 of 1st overtime period - Wrist shot by Fredrik Sjostrom.
0:57 of 1st overtime period - Stopped by Viktor Fasth without a rebound.
0:58 of 1st overtime period - Adam Burish wins face-off versus James Wright in Predators zone.
1:07 of 1st overtime period - Slapshot by Ryan Mcdonagh.
1:07 of 1st overtime period - Stopped by Kari Lehtonen with a rebound.
1:09 of 1st overtime period - Wrist shot by Andy Miele.
1:09 of 1st overtime period - Shot Blocked by Marco Scandella.
1:11 of 1st overtime period - Slapshot by Alexander Edler.
1:11 of 1st overtime period - Stopped by Kari Lehtonen without a rebound.
1:12 of 1st overtime period - Derek Roy wins face-off versus Alexander Ovechkin in Jets zone.
1:29 of 1st overtime period - Tyler Myers is hit by Ryan Mcdonagh.
1:38 of 1st overtime period - Icing by Ryan Kesler.
1:39 of 1st overtime period - Derek Roy wins face-off versus Alexander Ovechkin in Predators zone.
2:11 of 1st overtime period - Niclas Bergfors is hit by Marco Scandella and loses puck.
2:43 of 1st overtime period - Andy Miele is hit by James Wright and loses puck.
3:01 of 1st overtime period - Alexander Edler is hit by James Wright and loses puck.
3:05 of 1st overtime period - Icing by Adam Burish.
3:06 of 1st overtime period - Adam Burish wins face-off versus Derek Roy in Predators zone.
3:10 of 1st overtime period - Off-side.
3:11 of 1st overtime period - Alexander Ovechkin wins face-off versus Derek Roy in neutral zone.
3:49 of 1st overtime period - Slapshot by Lee Stempniak.
3:49 of 1st overtime period - Stopped by Viktor Fasth without a rebound.
3:50 of 1st overtime period - Derek Roy wins face-off versus Byron Bitz in Predators zone.
3:53 of 1st overtime period - Wrist shot by Derek Roy.
3:53 of 1st overtime period - Shot Misses the Net.
4:05 of 1st overtime period - Slapshot by Alexander Edler.
4:05 of 1st overtime period - Deflect By Alexander Ovechkin.
4:05 of 1st overtime period - Shot Blocked by Benoit Pouliot.
4:05 of 1st overtime period - Puck is out of play.
4:06 of 1st overtime period - Alexander Ovechkin wins face-off versus Derek Roy in Jets zone.
4:13 of 1st overtime period - Snap shot by Ryan Kesler.
4:13 of 1st overtime period - Stopped by Kari Lehtonen with a rebound.
4:19 of 1st overtime period - Snap shot by Alexander Ovechkin.
4:19 of 1st overtime period - Shot Misses the Net.
4:33 of 1st overtime period - Alexander Edler is hit by Lee Stempniak and loses puck.
Goals for this period are 0 for Jets vs 0 for Predators.
Shots for this period are 2 for Jets vs 3 for Predators.

ShootOut


5:00 of 1st overtime period - Penalty Shot by Lee Stempniak for Jets.
5:00 of 1st overtime period - Backhand shot by Lee Stempniak.
5:00 of 1st overtime period - Stopped by Viktor Fasth.
5:00 of 1st overtime period - Penalty Shot by Alexander Ovechkin for Predators.
5:00 of 1st overtime period - Snap shot by Alexander Ovechkin.
5:00 of 1st overtime period - Stopped by Kari Lehtonen.
5:00 of 1st overtime period - Penalty Shot by Benoit Pouliot for Jets.
5:00 of 1st overtime period - Deke by Benoit Pouliot.
5:00 of 1st overtime period - Stopped by Viktor Fasth.
5:00 of 1st overtime period - Penalty Shot by Ryan Kesler for Predators.
5:00 of 1st overtime period - Deke by Ryan Kesler.
5:00 of 1st overtime period - Stopped by Kari Lehtonen.
5:00 of 1st overtime period - Penalty Shot by Derek Roy for Jets.
5:00 of 1st overtime period - Snap shot by Derek Roy.
5:00 of 1st overtime period - Stopped by Viktor Fasth.
5:00 of 1st overtime period - Penalty Shot by Byron Bitz for Predators.
5:00 of 1st overtime period - Deke by Byron Bitz.
5:00 of 1st overtime period - Stopped by Kari Lehtonen.
5:00 of 1st overtime period - Penalty Shot by Mikko Koivu for Jets.
5:00 of 1st overtime period - Deke by Mikko Koivu.
5:00 of 1st overtime period - Shot Misses the Net.
5:00 of 1st overtime period - Penalty Shot by Niclas Bergfors for Predators.
5:00 of 1st overtime period - Snap shot by Niclas Bergfors.
5:00 of 1st overtime period - Stopped by Kari Lehtonen.
5:00 of 1st overtime period - Penalty Shot by James Wright for Jets.
5:00 of 1st overtime period - Snap shot by James Wright.
5:00 of 1st overtime period - Stopped by Viktor Fasth.
5:00 of 1st overtime period - Penalty Shot by Alexander Steen for Predators.
5:00 of 1st overtime period - Deke by Alexander Steen.
5:00 of 1st overtime period - Stopped by Kari Lehtonen.
5:00 of 1st overtime period - Penalty Shot by Anton Volchenkov for Jets.
5:00 of 1st overtime period - Backhand shot by Anton Volchenkov.
5:00 of 1st overtime period - Stopped by Viktor Fasth.
5:00 of 1st overtime period - Penalty Shot by Andy Miele for Predators.
5:00 of 1st overtime period - Snap shot by Andy Miele.
5:00 of 1st overtime period - Stopped by Kari Lehtonen.
5:00 of 1st overtime period - Penalty Shot by Fredrik Sjostrom for Jets.
5:00 of 1st overtime period - Snap shot by Fredrik Sjostrom.
5:00 of 1st overtime period - Shot Misses the Net.
5:00 of 1st overtime period - Penalty Shot by David Jones for Predators.
5:00 of 1st overtime period - Snap shot by David Jones.
5:00 of 1st overtime period - Stopped by Kari Lehtonen.
5:00 of 1st overtime period - Penalty Shot by T.J. Oshie for Jets.
5:00 of 1st overtime period - Snap shot by T.J. Oshie.
5:00 of 1st overtime period - Stopped by Viktor Fasth.
5:00 of 1st overtime period - Penalty Shot by James Van Riemsdyk for Predators.
5:00 of 1st overtime period - Wrist shot by James Van Riemsdyk.
5:00 of 1st overtime period - Goal by James Van Riemsdyk.